Workbook

Sheet Orcamento Global
A1: PREFEITURA MUNICIPAL DE SANTIAGO DO SUL - SC
A2: CNPJ: 01.612.781/0001-38 Fone: (49) 3345-3000
A3: Rua Angelo Toazza, 600 - Centro - Santiago do Sul - SC CEP: 89.854-000
A4: MUNICÍPIO: Santiago do Sul - SC
A5: PLANILHA ORÇAMENTÁRIA PARA OBRAS E SERVIÇOS DE ENGENHARIA
A7: PROJETO: BARRACÃO TIPO 2 (396,00m²)
A8: LOCALIZAÇÃO: RUA MARIA LORENZETTI MATTIELLO - SANTIAGO DO SUL - SC | G8: BDI | H8: 0.2
A9: TABELA REFERÊNCIA: 05/2025 - DESONERADO
A11: ITEM | B11: SINAPI | C11: DISCRIMINAÇÃO DOS SERVIÇOS | D11: UNID. | E11: QUANT. | F11: CUSTO UNITÁRIO | G11: PREÇO UNITÁRIO | H11: PREÇO DO SERVIÇO
A12: 1 | C12: SERVIÇOS INICIAIS | G12: =H12/$H$142 -> #DIV/0! | H12: =SUM(H13:H14) -> 0
A13: 1.1 | B13: 103689 | C13: FORNECIMENTO E INSTALAÇÃO DE PLACA DE OBRA COM CHAPA GALVANIZADA E ESTRUTURA DE MADEIRA | D13: M2 | E13: 3 | F13: 0 | G13: =ROUND(F13*(1+$H$8),2) -> 0 | H13: =ROUND(G13*E13,2) -> 0
A14: 1.3 | B14: 99059 | C14: LOCAÇÃO CONVENCIONAL DE OBRA, UTILIZANDO GABARITO DE TÁBUAS CORRIDAS PONTALETADAS A CADA 2,00M | D14: M | E14: 80 | F14: 0 | G14: =ROUND(F14*(1+$H$8),2) -> 0 | H14: =ROUND(G14*E14,2) -> 0
A16: 2 | C16: ADMINISTRAÇÃO DE OBRAS | G16: =H16/$H$142 -> #DIV/0! | H16: =SUM(H17:H19) -> 0
A17: 2.1 | B17: 90777 | C17: ENGENHEIRO CIVIL DE OBRA JUNIOR COM ENCARGOS COMPLEMENTARES | D17: H | E17: =8*6 -> 48 | F17: 0 | G17: =ROUND(F17*(1+$H$8),2) -> 0 | H17: =ROUND(G17*E17,2) -> 0
A18: 2.2 | B18: 90780 | C18: MESTRE DE OBRAS COM ENCARGOS COMPLEMENTARES | D18: H | E18: =8*5*6 -> 240 | F18: 0 | G18: =ROUND(F18*(1+$H$8),2) -> 0 | H18: =ROUND(G18*E18,2) -> 0
A19: 2.3 | B19: 90781 | C19: TOPOGRAFO COM ENCARGOS COMPLEMENTARES | D19: H | E19: =E17 -> 48 | F19: 0 | G19: =ROUND(F19*(1+$H$8),2) -> 0 | H19: =ROUND(G19*E19,2) -> 0
A21: 3 | C21: FUNDAÇÃO E ESTRUTURA | G21: =H21/$H$142 -> #DIV/0! | H21: =SUM(H22:H32) -> 0
A22: 3.1 | B22: Composição 01 | C22: FUNDAÇÕES TIPO SAPATA RASA | D22: und | E22: 20 | F22: 0 | G22: =ROUND(F22*(1+$H$8),2) -> 0 | H22: =ROUND(G22*E22,2) -> 0
A23: 3.2 | B23: Composição 03 | C23: PILARES PRÉ-FABRICADOS ESTRUTURAL LATERAL (25X30CM) (ALTURA LIVRE 5,0M NA MISULA) | D23: und | E23: 10 | F23: 0 | G23: =ROUND(F23*(1+$H$8),2) -> 0 | H23: =ROUND(G23*E23,2) -> 0
A24: 3.3 | B24: Composição 04 | C24: PILARES PRÉ-FABRICADOS ESTRUTURAL LATERAL (25X25CM) (ALTURA LIVRE 5,0M NA MISULA) | D24: und | E24: 8 | F24: 0 | G24: =ROUND(F24*(1+$H$8),2) -> 0 | H24: =ROUND(G24*E24,2) -> 0
A25: 3.4 | B25: Composição 05 | C25: PILARES FEITOS IN-LOCO ESTRUTURAL LATERAL (14X30CM) (ALTURA LIVRE 3,5M NA MISULA) | D25: und | E25: 2 | F25: 0 | G25: =ROUND(F25*(1+$H$8),2) -> 0 | H25: =ROUND(G25*E25,2) -> 0
A26: 3.5 | B26: 104919 | C26: ARMAÇÃO DE VIGAS BALDRAMES UTILIZANDO AÇO CA-50 DE 10,0MM | D26: kg | E26: 259.14 | F26: 0 | G26: =ROUND(F26*(1+$H$8),2) -> 0 | H26: =ROUND(G26*E26,2) -> 0
A27: 3.6 | B27: 96536 | C27: FABRICAÇÃO, MONTAGEM E DESMONTAGEM DE FÔRMA PARA VIGA BALDRAME, EM MADEIRA SERRADA, E=25 MM | D27: m² | E27: 246.42 | F27: 0 | G27: =ROUND(F27*(1+$H$8),2) -> 0 | H27: =ROUND(G27*E27,2) -> 0
A28: 3.7 | B28: 104916 | C28: ARMAÇÃO DE VIGAS BALDRAMES UTILIZANDO AÇO CA-50 DE 5,0MM - ESTRIBOS | D28: kg | E28: 84.08 | F28: 0 | G28: =ROUND(F28*(1+$H$8),2) -> 0 | H28: =ROUND(G28*E28,2) -> 0
A29: 3.8 | B29: 103675 | C29: CONCRETAGEM DE VIGAS BALDRAMES E LAJES, FCK=25MPA, COM USO DE BOMBA- LANÇAMENTO, ADENSAMENTO E ACABAMENTO | D29: m³ | E29: 7.5 | F29: 0 | G29: =ROUND(F29*(1+$H$8),2) -> 0 | H29: =ROUND(G29*E29,2) -> 0
A30: 3.9 | B30: 98557 | C30: IMPERMEABILIZAÇÃO DE VIGA BALDRAME COM EMULSÃO ASFALTICA 2 DE MÃOS | D30: m² | E30: 72 | F30: 0 | G30: =ROUND(F30*(1+$H$8),2) -> 0 | H30: =ROUND(G30*E30,2) -> 0
A31: 3.10 | B31: Composição 06 | C31: VIGAS CINTA PRÉ-FABRICADAS | D31: m | E31: 80 | F31: 0 | G31: =ROUND(F31*(1+$H$8),2) -> 0 | H31: =ROUND(G31*E31,2) -> 0
A32: 3.11 | B32: 101964 | C32: LAJE PRÉ-MOLDADA UNIDIRECIONAL, BIAPOIADA, ENCHIMENTO CERÂMICO, VIGOTA TRELIÇADA ALTURA DA LAJE (ENCHIMENTO + CAPA) (8+4) 12 CM - MEZANINO E RESERVATÓRIO | D32: m² | E32: 31.25 | F32: 0 | G32: =ROUND(F32*(1+$H$8),2) -> 0 | H32: =ROUND(G32*E32,2) -> 0
A34: 4 | C34: ALVENARIA E REVESTIMENTO PAREDES | G34: =H34/$H$142 -> #DIV/0! | H34: =SUM(H35:H39) -> 0
A35: 4.1 | B35: 103360 | C35: ALVENARIA DE VEDAÇÃO DE BLOCOS CERÂMICOS NA HORIZONTAL DE 14X19X29CM (ESPESSURA 14CM) E ARGAMASSA DE ASSENTAMENTO COM BETONEIRA, INCLUSO ALVENARIA DE COBOGÓS | D35: m² | E35: =324.8+22+20-37.4 -> 329.4 | F35: 0 | G35: =ROUND(F35*(1+$H$8),2) -> 0 | H35: =ROUND(G35*E35,2) -> 0
A36: 4.2 | B36: 87879 | C36: CHAPISCO PREPARO MANUAL, CIMENTO E AREIA GROSSA TRAÇO 1:3 (INTERNO E EXTERNO) | D36: m² | E36: =(E35-20)*2 -> 618.8 | F36: 0 | G36: =ROUND(F36*(1+$H$8),2) -> 0 | H36: =ROUND(G36*E36,2) -> 0
A37: 4.3 | B37: 104951 | C37: MASSA ÚNICA, EM ARGAMASSA TRAÇO 1:2:8, PREPARO MECÂNICO, E = 17,5MM, COM TALISCAS | D37: m² | E37: =E36 -> 618.8 | F37: 0 | G37: =ROUND(F37*(1+$H$8),2) -> 0 | H37: =ROUND(G37*E37,2) -> 0
A38: 4.5 | B38: 93187 | C38: VERGA E CONTRAVERGA EM CONCRETO ARMADO MOLDADO IN-LOCO | D38: m | E38: 73.6 | F38: 0 | G38: =ROUND(F38*(1+$H$8),2) -> 0 | H38: =ROUND(G38*E38,2) -> 0
A39: 4.6 | B39: 101162 | C39: ALVENARIA DE VEDAÇÃO COM ELEMENTO VAZADO DE CERÂMICA (COBOGÓ) DE 7X20X20CM E ARGAMASSA DE ASSENTAMENTO COM PREPARO EM BETONEIRA. AF_05/2020 | D39: m | E39: 37.4 | F39: 0 | G39: =ROUND(F39*(1+$H$8),2) -> 0 | H39: =ROUND(G39*E39,2) -> 0
A41: 5 | C41: COBERTURA | G41: =H41/$H$142 -> #DIV/0! | H41: =SUM(H42:H45) -> 0
A42: 5.1 | B42: 94213 | C42: TELHAMENTO COM TELHA DE AÇO/ALUMÍNIO E = 0,5 MM | D42: m² | E42: 481.92 | F42: 0 | G42: =ROUND(F42*(1+$H$8),2) -> 0 | H42: =ROUND(G42*E42,2) -> 0
A43: 5.2 | B43: 94213 | C43: FECHAMENTO DO OITÃO COM TELHAS DE ALUZICO ESPESSURA 0,5 MM | D43: m² | E43: 32 | F43: 0 | G43: =ROUND(F43*(1+$H$8),2) -> 0 | H43: =ROUND(G43*E43,2) -> 0
A44: 5.3 | B44: ='COMPOSIÇÕES NOVAS'!B19 -> COMP C1 | C44: ='COMPOSIÇÕES NOVAS'!D19 -> FABRICAÇÃO E INSTALAÇÃO DE TESOURA INTEIRA EM AÇO, VÃO DE 18 M, PARA TELHA ONDULADA DE FIBROCIMENTO, METÁLICA, PLÁSTICA OU TERMOACÚSTICA. | D44: und | E44: 5 | F44: 0 | G44: =ROUND(F44*(1+$H$8),2) -> 0 | H44: =ROUND(G44*E44,2) -> 0
A45: 5.4 | B45: 11060 - I | C45: TIRANTE EM FERRO GALVANIZADO PARA CONTRAVENTAMENTO | D45: und | E45: 8 | F45: 0 | G45: =ROUND(F45*(1+$H$8),2) -> 0 | H45: =ROUND(G45*E45,2) -> 0
A47: 6 | C47: DRENAGEM PLUVIAL | G47: =H47/$H$142 -> #DIV/0! | H47: =SUM(H48:H57) -> 0
A48: 6.1 | B48: 94229 | C48: CALHA LATERAL EM AÇO GALVANIZADO N 24 ÁGUA PLUVIAL DIMENÇOES CONFORME PROJETO | D48: m | E48: 44 | F48: 0 | G48: =ROUND(F48*(1+$H$8),2) -> 0 | H48: =ROUND(G48*E48,2) -> 0
A49: 6.2 | B49: 89800 | C49: TUBO PVC, DN 100 MM, FORNECIMENTO E INSTALAÇÃO | D49: m | E49: 60 | F49: 0 | G49: =ROUND(F49*(1+$H$8),2) -> 0 | H49: =ROUND(G49*E49,2) -> 0
A50: 6.3 | B50: 89849 | C50: TUBO PVC, DN 150 MM, FORNECIMENTO E INSTALAÇÃO | D50: m | E50: 60 | F50: 0 | G50: =ROUND(F50*(1+$H$8),2) -> 0 | H50: =ROUND(G50*E50,2) -> 0
A51: 6.4 | B51: 89860 | C51: TÊ, PVC, DN 100X100 MM, FORNECIMENTO E INSTALAÇÃO | D51: und | E51: 4 | F51: 0 | G51: =ROUND(F51*(1+$H$8),2) -> 0 | H51: =ROUND(G51*E51,2) -> 0
A52: 6.5 | B52: 89744 | C52: JOELHO 90° GRAUS, PVC, DN 100 MM, FORNECIMENTO E INSTALAÇÃO | D52: und | E52: 21 | F52: 0 | G52: =ROUND(F52*(1+$H$8),2) -> 0 | H52: =ROUND(G52*E52,2) -> 0
A53: 6.6 | B53: 89851 | C53: JOELHO 45° GRAUS, PVC, DN 100 MM, FORNECIMENTO E INSTALAÇÃO | D53: und | E53: 1 | F53: 0 | G53: =ROUND(F53*(1+$H$8),2) -> 0 | H53: =ROUND(G53*E53,2) -> 0
A54: 6.7 | B54: 89855 | C54: JOELHO 45° GRAUS, PVC, DN 150MM, FORNECIMENTO E INSTALAÇÃO | D54: und | E54: 6 | F54: 0 | G54: =ROUND(F54*(1+$H$8),2) -> 0 | H54: =ROUND(G54*E54,2) -> 0
A55: 6.8 | B55: 104176 | C55: JUNÇÃO SIMPLES, PVC, DN 150X150 MM, FORNECIMENTO E INSTALAÇÃO | D55: und | E55: 2 | F55: 0 | G55: =ROUND(F55*(1+$H$8),2) -> 0 | H55: =ROUND(G55*E55,2) -> 0
A56: 6.9 | B56: 89834 | C56: JUNÇÃO SIMPLES, PVC, DN 100X100 MM, FORNECIMENTO E INSTALAÇÃO | D56: und | E56: 1 | F56: 0 | G56: =ROUND(F56*(1+$H$8),2) -> 0 | H56: =ROUND(G56*E56,2) -> 0
A57: 6.10 | B57: 89681 | C57: REDUÇÃO EXCÊNTRICA, PVC, DN 150X100MM, FORNECIMENTO E INSTALAÇÃO | D57: und | E57: 5 | F57: 0 | G57: =ROUND(F57*(1+$H$8),2) -> 0 | H57: =ROUND(G57*E57,2) -> 0
A59: 7 | C59: PAVIMENTAÇÃO | G59: =H59/$H$142 -> #DIV/0! | H59: =SUM(H60:H64) -> 0
A60: 7.1 | B60: 96622 | C60: BASE (BRITA GRADUADA) H= 5 CM COMPACTADA | D60: m³ | E60: =396*0.05 -> 19.8 | F60: 0 | G60: =ROUND(F60*(1+$H$8),2) -> 0 | H60: =ROUND(G60*E60,2) -> 0
A61: 7.2 | B61: 101747 | C61: PISO EM CONCRETO ARMADO ESPESSURA 7 CM FCK = 20 MPA, ARMAÇÃO TELA SOLDADA, MALHA 15 X 15 CM DE 5,0 MM ÁREA INTERNAS, CALÇADA E RAMPA | D61: m² | E61: 396 | F61: 0 | G61: =ROUND(F61*(1+$H$8),2) -> 0 | H61: =ROUND(G61*E61,2) -> 0
A62: 7.3 | B62: 97097 | C62: ACABAMENTO POLIDO PARA PISO DE CONCRETO ARMADO E LAJE | D62: m² | E62: 396 | F62: 0 | G62: =ROUND(F62*(1+$H$8),2) -> 0 | H62: =ROUND(G62*E62,2) -> 0
A63: 7.4 | B63: 88650 | C63: RODAPÉ CERÂMICO 7 CM COM REJUNTE | D63: m | E63: 36 | F63: 0 | G63: =ROUND(F63*(1+$H$8),2) -> 0 | H63: =ROUND(G63*E63,2) -> 0
A64: 7.5 | B64: 87257 | C64: REVESTIMENTO CERÂMICO PARA PISO COM PLACAS ANTIDERRAPANTE DIMENÇÕES 60 X 60 CM RAMPAS, INCLUSO ARGAMASSA COLANTE TIPO CPIII | D64: m² | E64: 31.25 | F64: 0 | G64: =ROUND(F64*(1+$H$8),2) -> 0 | H64: =ROUND(G64*E64,2) -> 0
A66: 8 | C66: ESQUADRIAS | G66: =H66/$H$142 -> #DIV/0! | H66: =SUM(H67:H73) -> 0
A67: 8.1 | B67: 90844 | C67: KIT PORTA-PRONTA DE MADEIRA EM ACABAMENTO MELAMÍNICO BRANCO, SEMI OCA (LEVE OU MÉDIA) DIMENSOES 210X90 CM FORNECIMENTO E INSTALAÇÃO | D67: und | E67: 1 | F67: 0 | G67: =ROUND(F67*(1+$H$8),2) -> 0 | H67: =ROUND(G67*E67,2) -> 0
A68: 8.2 | B68: 90848 | C68: KIT PORTA-PRONTA DE MADEIRA EM ACABAMENTO MELAMÍNICO BRANCO, SEMI OCA (LEVE OU MÉDIA) DIMENSOES 210X70 CM FORNECIMENTO E INSTALAÇÃO | D68: und | E68: 1 | F68: 0 | G68: =ROUND(F68*(1+$H$8),2) -> 0 | H68: =ROUND(G68*E68,2) -> 0
A69: 8.3 | B69: 100700 | C69: KIT PORTA-PRONTA DE MADEIRA EM ACABAMENTO MELAMÍNICO BRANCO, SEMI OCA (LEVE OU MÉDIA) DIMENSOES 210X120 CM FORNECIMENTO E INSTALAÇÃO | D69: und | E69: 1 | F69: 0 | G69: =ROUND(F69*(1+$H$8),2) -> 0 | H69: =ROUND(G69*E69,2) -> 0
A70: 8.4 | B70: 94569 | C70: JANELA DE VIDRO TEMPERADO ESPESSURA 8 MM TIPO MAXIAR, COM VIDROS BATENTE FERRAGENS FORNECIMENTO E INSTALAÇÃO (80X60) | D70: m² | E70: 2.88 | F70: 0 | G70: =ROUND(F70*(1+$H$8),2) -> 0 | H70: =ROUND(G70*E70,2) -> 0
A71: 8.5 | B71: 94570 | C71: JANELA DE VIDRO TEMPERADO ESPESSURA 8 MM TIPO CORRER 2 FOLHAS, COM VIDROS BATENTE FERRAGENS FORNECIMENTO E INSTALAÇÃO (300X120) | D71: m² | E71: 3.6 | F71: 0 | G71: =ROUND(F71*(1+$H$8),2) -> 0 | H71: =ROUND(G71*E71,2) -> 0
A72: 8.6 | B72: 102181 | C72: PORTA DE CORRER DE VIDRO TEMPERADO ESPESSURA DO VIDRO10 MM, FORNECIMENTO E INSTALAÇÃO (250X210) | D72: m² | E72: 5.28 | F72: 0 | G72: =ROUND(F72*(1+$H$8),2) -> 0 | H72: =ROUND(G72*E72,2) -> 0
A73: 8.7 | B73: 100701 | C73: PORTÃO DE FERRO (450X470) 1 UND. | D73: m² | E73: 21.15 | F73: 0 | G73: =ROUND(F73*(1+$H$8),2) -> 0 | H73: =ROUND(G73*E73,2) -> 0
A75: 9 | C75: PINTURA EXTERNA | G75: =H75/$H$142 -> #DIV/0! | H75: =SUM(H76:H77) -> 0
A76: 9.1 | B76: 88413 | C76: APLICAÇÃO DE FUNDO SELADOR ACRÍLICO, APLICAÇÃO MANUAL EM PAREDE, UMA DEMÃO | D76: m² | E76: 325 | F76: 0 | G76: =ROUND(F76*(1+$H$8),2) -> 0 | H76: =ROUND(G76*E76,2) -> 0
A77: 9.2 | B77: 95623 | C77: PINTURA LATEX ACRÍLICA AMBIENTES EXTERNOS PAREDES NOVAS E EXISTENTES TRÊS DEMÃOS | D77: m² | E77: 325 | F77: 0 | G77: =ROUND(F77*(1+$H$8),2) -> 0 | H77: =ROUND(G77*E77,2) -> 0
A79: 10 | C79: INSTALAÇÕES ELÉTRICAS | G79: =H79/$H$142 -> #DIV/0! | H79: =SUM(H80:H97) -> 0
A80: 10.1 | B80: ='COMPOSIÇÕES NOVAS'!B3 -> COMP I1 | C80: ='COMPOSIÇÕES NOVAS'!D3 -> LUMINÁRIA TIPO PLAFON QUADRADA, DE EMBUTIR, COM LED DE 18 W - FORNECIMENTO E INSTALAÇÃO. AF_09/2024 | D80: unid. | E80: 2 | F80: 0 | G80: =ROUND(F80*(1+$H$8),2) -> 0 | H80: =ROUND(G80*E80,2) -> 0
A81: 10.2 | B81: ='COMPOSIÇÕES NOVAS'!B8 -> COMP I2 | C81: ='COMPOSIÇÕES NOVAS'!D8 -> LUMINÁRIA TIPO PLAFON QUADRADA, DE EMBUTIR, COM LED DE 24 W - FORNECIMENTO E INSTALAÇÃO. AF_09/2024 | D81: unid. | E81: 1 | F81: 0 | G81: =ROUND(F81*(1+$H$8),2) -> 0 | H81: =ROUND(G81*E81,2) -> 0
A82: 10.3 | B82: ='COMPOSIÇÕES NOVAS'!B13 -> COMP I3 | C82: ='COMPOSIÇÕES NOVAS'!D13 -> LUMINÁRIA REFLETOR LED PARA ILUMINAÇÃO PÚBLICA, 50 W - FORNECIMENTO E INSTALAÇÃO. AF_02/2025 | D82: unid. | E82: 12 | F82: 0 | G82: =ROUND(F82*(1+$H$8),2) -> 0 | H82: =ROUND(G82*E82,2) -> 0
A83: 10.4 | B83: Composição 07 | C83: PONTO DE ILUMINAÇÃO COM INTERRUPTOR SIMPLES, (1 MÓDULO), INCLUSO INTERRUPTOR, RASGO, ELETRODUTO, CHUMBAMENTO, CABOS FORNECIMENTO E INSTALAÇÃO | D83: unid. | E83: 3 | F83: 0 | G83: =ROUND(F83*(1+$H$8),2) -> 0 | H83: =ROUND(G83*E83,2) -> 0
A84: 10.5 | B84: Composição 08 | C84: PONTO DE ILUMINAÇÃO E TOMADA COM INTERRUPTOR SIMPLES (1 MÓDULO) E 1 TOMADA MEDIA DE EMBUTIR 2P + T 10A (1 MÓDULO), INCLUSO INTERRUPTOR, TOMADA, RASGO, ELETRODUTO, CHUMBAMENTO, CABOS FORNECIMENTO E INSTALAÇÃO | D84: unid. | E84: 2 | F84: 0 | G84: =ROUND(F84*(1+$H$8),2) -> 0 | H84: =ROUND(G84*E84,2) -> 0
A85: 10.6 | B85: Composição 09 | C85: PONTO DE TOMADA 1 TOMADA DE EMBUTIR 2P + T 10A (3 MÓDULO), INCLUSO TOMADA, RASGO, ELETRODUTO, CHUMBAMENTO, CABOS FORNECIMENTO E INSTALAÇÃO | D85: unid. | E85: 3 | F85: 0 | G85: =ROUND(F85*(1+$H$8),2) -> 0 | H85: =ROUND(G85*E85,2) -> 0
A86: 10.7 | B86: Composição 10 | C86: PONTO DE TOMADA 1 TOMADA DE EMBUTIR 2P + T 10A (1 MÓDULO), INCLUSO TOMADA, RASGO, ELETRODUTO, CHUMBAMENTO, CABOS FORNECIMENTO E INSTALAÇÃO | D86: unid. | E86: 3 | F86: 0 | G86: =ROUND(F86*(1+$H$8),2) -> 0 | H86: =ROUND(G86*E86,2) -> 0
A87: 10.8 | B87: Composição 11 | C87: PONTO DE TOMADA 1 TOMADA DE EMBUTIR 2P + T 10A (2 MÓDULO), INCLUSO TOMADA, RASGO, ELETRODUTO, CHUMBAMENTO, CABOS FORNECIMENTO E INSTALAÇÃO | D87: unid. | E87: 13 | F87: 0 | G87: =ROUND(F87*(1+$H$8),2) -> 0 | H87: =ROUND(G87*E87,2) -> 0
A88: 10.9 | B88: Composição 12 | C88: PONTO DE TOMADA 1 TOMADA DE EMBUTIR 2P + T 20A (1 MÓDULO), INCLUSO TOMADA, RASGO, ELETRODUTO, CHUMBAMENTO, CABOS FORNECIMENTO E INSTALAÇÃO | D88: unid. | E88: 1 | F88: 0 | G88: =ROUND(F88*(1+$H$8),2) -> 0 | H88: =ROUND(G88*E88,2) -> 0
A89: 10.10 | B89: 101890 | C89: DISJUNTOR MONOFÁSICO 10A A 30A | D89: unid. | E89: 8 | F89: 0 | G89: =ROUND(F89*(1+$H$8),2) -> 0 | H89: =ROUND(G89*E89,2) -> 0
A90: 10.11 | B90: Composição 13 | C90: QUADRO DE DISTRIBUIÇÃO DE ENERGIA PVC COM BARRAMENTO TRIFÁSICO E NEUTRO, FORNECIMENTO E INSTALAÇÃO | D90: unid. | E90: 2 | F90: 0 | G90: =ROUND(F90*(1+$H$8),2) -> 0 | H90: =ROUND(G90*E90,2) -> 0
A91: 10.12 | B91: Composição 14 | C91: ELETROCALHA PERFURADA EM AÇO GALVANIZADO DIMENÇÕES CONFORME PROJETO ELETRICO | D91: m | E91: 110 | F91: 0 | G91: =ROUND(F91*(1+$H$8),2) -> 0 | H91: =ROUND(G91*E91,2) -> 0
A92: 10.13 | B92: 91863 | C92: ELETRODUTO PVC RÍGIDO 3/4", ANTI-CHAMA, INCLUSIVE CONEXÕES FORRO | D92: m | E92: 60 | F92: 0 | G92: =ROUND(F92*(1+$H$8),2) -> 0 | H92: =ROUND(G92*E92,2) -> 0
A93: 10.14 | B93: 91924 | C93: CABO FLEXÍVEL ISOLADO ANTI-CHAMA EM PVC DE 1,5MM², 70ºC | D93: m | E93: 120 | F93: 0 | G93: =ROUND(F93*(1+$H$8),2) -> 0 | H93: =ROUND(G93*E93,2) -> 0
A94: 10.15 | B94: 91926 | C94: CABO FLEXÍVEL ISOLADO ANTI-CHAMA EM PVC DE 2,5MM², 70ºC | D94: m | E94: 435 | F94: 0 | G94: =ROUND(F94*(1+$H$8),2) -> 0 | H94: =ROUND(G94*E94,2) -> 0
A95: 10.16 | B95: 91931 | C95: CABO FLEXÍVEL ISOLADO ANTI-CHAMA EM PVC DE 6,0MM², 70ºC | D95: m | E95: 30 | F95: 0 | G95: =ROUND(F95*(1+$H$8),2) -> 0 | H95: =ROUND(G95*E95,2) -> 0
A96: 10.17 | B96: 91932 | C96: CABO FLEXÍVEL ISOLADO ANTI-CHAMA EM PVC DE 10,0MM², 70ºC | D96: m | E96: 90 | F96: 0 | G96: =ROUND(F96*(1+$H$8),2) -> 0 | H96: =ROUND(G96*E96,2) -> 0
A97: 10.18 | B97: Composição 18 | C97: ENTRADA DE ENERGIA TRIFÁSICA, POSTE E MEDIDOR | D97: und | E97: 1 | F97: 0 | G97: =ROUND(F97*(1+$H$8),2) -> 0 | H97: =ROUND(G97*E97,2) -> 0
A99: 11 | C99: INSTALAÇÕES HIDROSSANITÁRIAS | G99: =H99/$H$142 -> #DIV/0! | H99: =SUM(H100:H130) -> 0
A100: 11.1 | B100: 89711 | C100: TUBO PVC, SÉRIE NORMAL ESGOTO PREDIAL, DN 40 MM FORNECIMENTO E INSTALAÇÃO | D100: m | E100: 3.5 | F100: 0 | G100: =ROUND(F100*(1+$H$8),2) -> 0 | H100: =ROUND(G100*E100,2) -> 0
A101: 11.2 | B101: 89712 | C101: TUBO PVC, SÉRIE NORMAL ESGOTO PREDIAL, DN 50 MM FORNECIMENTO E INSTALAÇÃO | D101: m | E101: 2 | F101: 0 | G101: =ROUND(F101*(1+$H$8),2) -> 0 | H101: =ROUND(G101*E101,2) -> 0
A102: 11.3 | B102: 89714 | C102: TUBO PVC, SÉRIE NORMAL ESGOTO PREDIAL, DN 100 MM FORNECIMENTO E INSTALAÇÃO | D102: m | E102: 24 | F102: 0 | G102: =ROUND(F102*(1+$H$8),2) -> 0 | H102: =ROUND(G102*E102,2) -> 0
A103: 11.4 | B103: 89708 | C103: CAIXA SIFONADA, PVC, DN 150 X 185 X 75 MM, FORNECIMENTO E INSTALAÇÃO | D103: und | E103: 2 | F103: 0 | G103: =ROUND(F103*(1+$H$8),2) -> 0 | H103: =ROUND(G103*E103,2) -> 0
A104: 11.5 | B104: 89724 | C104: JOELHO 90 GRAUS, PVC, SERIE NORMAL ESGOTO, DN 40 MM FORNECIMENTO E INSTALAÇÃO | D104: und | E104: 4 | F104: 0 | G104: =ROUND(F104*(1+$H$8),2) -> 0 | H104: =ROUND(G104*E104,2) -> 0
A105: 11.6 | B105: 89726 | C105: JOELHO 45 GRAUS, PVC, SERIE NORMAL ESGOTO, DN 40 MM FORNECIMENTO E INSTALAÇÃO | D105: und | E105: 2 | F105: 0 | G105: =ROUND(F105*(1+$H$8),2) -> 0 | H105: =ROUND(G105*E105,2) -> 0
A106: 11.7 | B106: 89732 | C106: JOELHO 45 GRAUS, PVC, SERIE NORMAL ESGOTO, DN 50 MM FORNECIMENTO E INSTALAÇÃO | D106: und | E106: 1 | F106: 0 | G106: =ROUND(F106*(1+$H$8),2) -> 0 | H106: =ROUND(G106*E106,2) -> 0
A107: 11.8 | B107: 89744 | C107: JOELHO 90 GRAUS, PVC, SERIE NORMAL ESGOTO, DN 100 MM FORNECIMENTO E INSTALAÇÃO | D107: und | E107: 2 | F107: 0 | G107: =ROUND(F107*(1+$H$8),2) -> 0 | H107: =ROUND(G107*E107,2) -> 0
A108: 11.9 | B108: 89746 | C108: JOELHO 45 GRAUS, PVC, SERIE NORMAL ESGOTO, DN 100 MM FORNECIMENTO E INSTALAÇÃO | D108: und | E108: 2 | F108: 0 | G108: =ROUND(F108*(1+$H$8),2) -> 0 | H108: =ROUND(G108*E108,2) -> 0
A109: 11.10 | B109: 89797 | C109: JUNÇÃO SIMPLES, PVC, SERIE NORMAL, ESGOTO, DN 100 X 100 MM, DN 100 X 75 MM, DN 100 X 50 MM, FORNECIMENTO E INSTALAÇÃO | D109: und | E109: 2 | F109: 0 | G109: =ROUND(F109*(1+$H$8),2) -> 0 | H109: =ROUND(G109*E109,2) -> 0
A110: 11.11 | B110: 93358 | C110: ESCAVAÇÃO MANUAL DE VALA PARA ENTERAR TUBULAÇÃO ESGOTO | D110: m³ | E110: 1.2 | F110: 0 | G110: =ROUND(F110*(1+$H$8),2) -> 0 | H110: =ROUND(G110*E110,2) -> 0
A111: 11.12 | B111: 104737 | C111: REATERRO DE VALA MANUAL COM SOQUETE | D111: m³ | E111: 1.2 | F111: 0 | G111: =ROUND(F111*(1+$H$8),2) -> 0 | H111: =ROUND(G111*E111,2) -> 0
A112: 11.13 | B112: Composição 15 | C112: TUBO E CONEXÕES PVC AGUA FRIA, SOLDAVEL, DN 25 MM FORNECIMENTO E INSTALAÇÃO | D112: m | E112: 30 | F112: 0 | G112: =ROUND(F112*(1+$H$8),2) -> 0 | H112: =ROUND(G112*E112,2) -> 0
...

Sheet COMPOSIÇÕES
A2: REFERENCIA | B2: ITEM | C2: DESCRIÇÃO | D2: UNIDADE | E2: PREÇO DESONERADO | F2: COEFICIENTE | G2: CUSTO DESONERADO | I2: COEFICIENTE DO ITEM
A4: COMPOSIÇÃO | B4: 1 | C4: ATERRO MANUAL PARA PASSEIO/CALÇADA, E=5CM, COM SOLO ARGILOSO, COMPACTAÇÃO MECANIZADA COM SOQUETE, FORNECIMENTO E TRANSPORTE ATÉ 10KM | D4: M2 | G4: =TRUNC(SUM(G5:G10),2) -> 4.81
A5: SINAPI | B5: 5901 | C5: CAMINHÃO PIPA 10.000 L TRUCADO, PESO BRUTO TOTAL 23.000 KG, CARGA ÚTIL MÁXIMA 15.935 KG, DISTÂNCIA ENTRE EIXOS 4,8 M, POTÊNCIA 230 CV, INCLUSIVE TANQUE DE AÇO PARA TRANSPORTE DE ÁGUA - CHP DIURNO. AF_06/2014 | D5: CHP | E5: 309.54 | F5: 0.0003 | G5: =E5*F5 -> 0.092862 | I5: 0.006 | J5: =I5*0.05 -> 0.0003
A6: SINAPI | B6: 5903 | C6: CAMINHÃO PIPA 10.000 L TRUCADO, PESO BRUTO TOTAL 23.000 KG, CARGA ÚTIL MÁXIMA 15.935 KG, DISTÂNCIA ENTRE EIXOS 4,8 M, POTÊNCIA 230 CV, INCLUSIVE TANQUE DE AÇO PARA TRANSPORTE DE ÁGUA - CHI DIURNO. AF_06/2014 | D6: CHI | E6: 71.18 | F6: 0.00015 | G6: =E6*F6 -> 0.010677 | I6: 0.003 | J6: =I6*0.05 -> 0.00015
A7: SINAPI-I | B7: 6081 | C7: ARGILA OU BARRO PARA ATERRO/REATERRO (COM TRANSPORTE ATE 10 KM) | D7: M3 | E7: 51.12 | F7: 0.0625 | G7: =E7*F7 -> 3.195 | I7: 1.25 | J7: =I7*0.05 -> 0.0625
A8: SINAPI | B8: 88316 | C8: SERVENTE COM ENCARGOS COMPLEMENTARES | D8: H | E8: 20.21 | F8: 0.03295 | G8: =E8*F8 -> 0.6659195 | I8: 0.659 | J8: =I8*0.05 -> 0.03295
A9: SINAPI | B9: 91533 | C9: COMPACTADOR DE SOLOS DE PERCUSSÃO (SOQUETE) COM MOTOR A GASOLINA 4 TEMPOS, POTÊNCIA 4 CV - CHP DIURNO. AF_08/2015 | D9: CHP | E9: 35.32 | F9: 0.0137 | G9: =E9*F9 -> 0.483884 | I9: 0.274 | J9: =I9*0.05 -> 0.0137
A10: SINAPI | B10: 91534 | C10: COMPACTADOR DE SOLOS DE PERCUSSÃO (SOQUETE) COM MOTOR A GASOLINA 4 TEMPOS, POTÊNCIA 4 CV - CHI DIURNO. AF_08/2015 | D10: CHI | E10: 28.55 | F10: 0.0127 | G10: =E10*F10 -> 0.362585 | I10: 0.254 | J10: =I10*0.05 -> 0.0127
A12: COMPOSIÇÃO | B12: 2 | C12: VIGA DE TRAVAMENTO PARA PASSEIO PÚBLICO DIMENSÕES 10X15CM (ExH), CONCRETO PREPARO MECÂNICO COM BETONEIRA E TRELIÇA NERVURADA | D12: M | G12: =SUM(G13:G18) -> 15.82
A13: SINAPI-I | B13: 370 | C13: AREIA MEDIA - POSTO JAZIDA/FORNECEDOR (RETIRADO NA JAZIDA, SEM TRANSPORTE) | D13: M3 | E13: 35.06 | F13: 0.0637 | G13: =TRUNC(E13*F13,2) -> 2.23 | I13: 0.8187 | J13: =I13*0.015 -> 0.0122805
A14: SINAPI | B14: 92536 | C14: MONTAGEM E DESMONTAGEM DE FÔRMA DE LAJE MACIÇA, PÉ-DIREITO DUPLO, EM CHAPA DE MADEIRA COMPENSADA PLASTIFICADA, 18 UTILIZAÇÕES. AF_09/2020 | D14: M2 | E14: 67.52 | F14: 0.03 | G14: =TRUNC(E14*F14,2) -> 2.02
A15: SINAPI-I | B15: 1379 | C15: CIMENTO PORTLAND COMPOSTO CP II-32 | D15: KG | E15: 0.8 | F15: 4.1676225 | G15: =TRUNC(E15*F15,2) -> 3.33 | I15: 277.8415 | J15: =I15*0.015 -> 4.1676225
A16: SINAPI-I | B16: 4721 | C16: PEDRA BRITADA N. 1 (9,5 a 19 MM) POSTO PEDREIRA/FORNECEDOR, SEM FRETE | D16: M3 | E16: 106.93 | F16: 0.008841 | G16: =TRUNC(E16*F16,2) -> 0.94 | I16: 0.5894 | J16: =I16*0.015 -> 0.008841
A17: SINAPI-I | B17: 42407 | C17: TRELICA NERVURADA (ESPACADOR), ALTURA = 120,0 MM, DIAMETRO DOS BANZOS INFERIORES E SUPERIOR = 6,0 MM, DIAMETRO DA DIAGONAL = 4,2 MM | D17: M | E17: 5.59 | F17: 1 | G17: =TRUNC(E17*F17,2) -> 5.59 | J17: =I17*0.015 -> 0
A18: SINAPI | B18: 88316 | C18: SERVENTE COM ENCARGOS COMPLEMENTARES | D18: H | E18: 18.42 | F18: 0.0931005 | G18: =TRUNC(E18*F18,2) -> 1.71 | I18: 6.2067 | J18: =I18*0.015 -> 0.0931005
A20: COMPOSIÇÃO | B20: 3 | C20: PORTA DE CORRER DE MADEIRA LEVE LISA ACAB. BRANCO, FECHADURA E PUXADOR, GUARNIÇÃO. COM INSTALAÇÃO AF_12/2019 (1,50x2,10) | D20: UN | G20: =SUM(G21:G26) -> 2031.83
A21: SINAPI-I | B21: 142 | C21: SELANTE ELASTICO MONOCOMPONENTE A BASE DE POLIURETANO (PU) PARA JUNTAS DIVERSAS | D21: 310ml | E21: 35.06 | F21: 0.0637 | G21: =TRUNC(E21*F21,2) -> 2.23 | I21: 0.8187 | J21: =I21*0.015 -> 0.0122805
A22: SINAPI-I | B22: 39484 | C22: KIT PORTA PRONTA DE MADEIRA, FOLHA LEVE (NBR 15930) DE 35 MM A 40 MM DE ESPESSURA, COM MARCO EM ACO, NUCLEO COLMEIA, CAPA LISA EM HDF, ACABAMENTO MELAMINICO BRANCO (INCLUI MARCO, ALIZARES, DOBRADICAS E FECHADURA) | D22: M2 | E22: 595.21 | F22: 3.15 | G22: =TRUNC(E22*F22,2) -> 1874.91
A23: SINAPI-I | B23: 7568 | C23: BUCHA DE NYLON SEM ABA S10, COM PARAFUSO DE 6,10 X 65 MM EM ACO ZINCADO COM ROSCA SOBERBA, CABECA CHATA E FENDA PHILLIPS | D23: UN | E23: 0.61 | F23: 4.1676225 | G23: =TRUNC(E23*F23,2) -> 2.54 | I23: 277.8415 | J23: =I23*0.015 -> 4.1676225
A24: SINAPI-I | B24: 36888 | C24: GUARNICAO / MOLDURA / ARREMATE DE ACABAMENTO PARA ESQUADRIA, EM ALUMINIO PERFIL 25, ACABAMENTO ANODIZADO BRANCO OU BRILHANTE, PARA 1 FACE | D24: M | E24: 34.46 | F24: 2.2 | G24: =TRUNC(E24*F24,2) -> 75.81 | I24: 0.5894 | J24: =I24*0.015 -> 0.008841
A25: SINAPI-I | B25: 88273 | C25: MARCENEIRO COM ENCARGOS COMPLEMENTARES | D25: H | E25: 25.39 | F25: 1 | G25: =TRUNC(E25*F25,2) -> 25.39 | J25: =I25*0.015 -> 0
A26: SINAPI | B26: 38179 | C26: ROLDANA CONCAVA DUPLA, 4 RODAS, PARA PORTA DE CORRER, EM ZAMAC COM CHAPA DE ACO, ROLAMENTO INTERNO BLINDADO DE ACO REVESTIDO EM NYLON | D26: UN | E26: 50.95 | F26: 1 | G26: =TRUNC(E26*F26,2) -> 50.95 | I26: 6.2067 | J26: =I26*0.015 -> 0.0931005
A28: COMPOSIÇÃO | B28: 4 | C28: PORTA DE MADEIRA LISA PINTADA DE BRANCO, DE CORRER (EUCALIPTO OU EQUIVALENTE REGIONAL), E = *3,5* CM. FORNECIMENTO E INSTALAÇÃO (80x2,10) | D28: M2 | G28: =SUM(G29:G33) -> 822.91
A29: SINAPI-I | B29: 142 | C29: SELANTE ELASTICO MONOCOMPONENTE A BASE DE POLIURETANO (PU) PARA JUNTAS DIVERSAS | D29: 310ml | E29: 35.06 | F29: 0.0637 | G29: =TRUNC(E29*F29,2) -> 2.23
A30: SINAPI-I | B30: 39484 | C30: KIT PORTA PRONTA DE MADEIRA, FOLHA LEVE (NBR 15930) DE 800 X 2100 MM, DE 35 MM A 40 MM DE ESPESSURA, COM MARCO EM ACO, NUCLEO COLMEIA, CAPA LISA EM HDF, ACABAMENTO MELAMINICO BRANCO (INCLUI MARCO, ALIZARES, DOBRADICAS E FECHADURA) | D30: UN | E30: 595.21 | F30: 1 | G30: =TRUNC(E30*F30,2) -> 595.21
A31: SINAPI-I | B31: 7568 | C31: BUCHA DE NYLON SEM ABA S10, COM PARAFUSO DE 6,10 X 65 MM EM ACO ZINCADO COM ROSCA SOBERBA, CABECA CHATA E FENDA PHILLIPS | D31: UN | E31: 0.61 | F31: 6 | G31: =TRUNC(E31*F31,2) -> 3.66
A32: SINAPI-I | B32: 36888 | C32: GUARNICAO / MOLDURA / ARREMATE DE ACABAMENTO PARA ESQUADRIA, EM ALUMINIO PERFIL 25, ACABAMENTO ANODIZADO BRANCO OU BRILHANTE, PARA 1 FACE | D32: M | E32: 34.46 | F32: 5.7 | G32: =TRUNC(E32*F32,2) -> 196.42
A33: SINAPI-I | B33: 88273 | C33: MARCENEIRO COM ENCARGOS COMPLEMENTARES | D33: H | E33: 25.39 | F33: 1 | G33: =TRUNC(E33*F33,2) -> 25.39
A34: SINAPI | B34: 38179 | C34: ROLDANA CONCAVA DUPLA, 4 RODAS, PARA PORTA DE CORRER, EM ZAMAC COM CHAPA DE ACO, ROLAMENTO INTERNO BLINDADO DE ACO REVESTIDO EM NYLON | D34: UN | E34: 50.95 | F34: 1 | G34: =TRUNC(E34*F34,2) -> 50.95
A36: COMPOSIÇÃO | B36: 5 | C36: GRADIL BELGO EM TELA DE AÇO GALVANIZADO REVESTIDO EM PINTURA ELETROSTÁTICA EM POLIÈSTER DIMENSÕES: MAHA DE 5X20 CM, DIÂMETRO DE 4,3 MM, LARGURA DO PAINEL 2,50 M X 1,53 M ALTURA. (FORNECIMENTO E INSTALAÇÃO, INCLUSO PILARETES E ACABAMENTOS) | D36: M | F36: 1 | G36: =ROUND(SUM(G37:G44),2) -> 227.78
A37: COTAÇÃO | C37: PRESTAÇÃO DE SERVIÇOS DE INSTALAÇÃO DE GRADIL EM AÇO GALVANIZADO, PILARETES METÁLICO COM TAMPA NYLOFOR E CHUMBAMENTO DA BASE | D37: M | E37: 78.74 | F37: 1 | G37: =E37*F37 -> 78.74
A38: COTAÇÃO | C38: GRADIL BELGO EM TELA DE AÇO GALVANIZADO REVESTIDO EM PINTURA ELETROSTÁTICA EM POLIÈSTER DIMENSÕES: MAHA DE 5X20 CM, DIÂMETRO DE 4,3 MM, LARGURA DO PAINEL 2,50 M X 1,53 M ALTURA. | D38: M² | E38: 246.84 | F38: =1/2.5 -> 0.4 | G38: =E38*F38 -> 98.736
A39: COTAÇÃO | C39: PILARETE METÁLICO DE SEÇÃO 4X6 CM, ESPESSURA 1,25 MM E ALTURA DE 2,00 M, POSTE COM 40 CM DE CHUMBAMENTO NA BASE (INCLUSO CHUMBAMENTO) | D39: UN | E39: 95.39 | F39: 0.41 | G39: =E39*F39 -> 39.1099
A40: COTAÇÃO | C40: TAMPA DE NYLOFOR | D40: UN | E40: 3.05 | F40: 0.41 | G40: =E40*F40 -> 1.2505
A41: COTAÇÃO | C41: FIXADOR NYLOFOR POLIAMIDA | D41: UN | E41: 3.5 | F41: =ROUND(0.41*2,2) -> 0.82 | G41: =E41*F41 -> 2.87
A42: SINAPI | C42: ESCAVAÇÃO MANUAL DE VALA COM PROFUNDIDADE MENOR OU IGUAL A 1,30 M | D42: M3 | E42: 514.24 | F42: 0.0064 | G42: =E42*F42 -> 3.291136
A43: SINAPI | C43: LASTRO DE CONCRETO COM MATERIAL GRANULAR, APLICAÇÃO EM BLOCOS DE COROAMENTO, ESPESSIRA DE 5 CM | D43: M3 | E43: 537.97 | F43: 0.00064 | G43: =E43*F43 -> 0.3443008
A44: SINAPI | C44: CONCRETO FCK=20 MPA, TRALÇO 1:2, 6:2,9 (EM MASSA SECA DE CIMENTO/AREIA MÉDIA/SEIXO ROLADO) - PREPARO MECÂNICO COM BETONEIRA 400L. | D44: M3 | E44: 537.97 | F44: 0.0064 | G44: =E44*F44 -> 3.443008

Sheet COMPOSIÇÕES NOVAS
B2: Tipo Item | C2: Código do item | D2: Descrição | E2: Unidade | F2: Coeficiente | G2: Custo | H2: Custo
B3: COMP I1 | D3: LUMINÁRIA TIPO PLAFON QUADRADA, DE EMBUTIR, COM LED DE 18 W - FORNECIMENTO E INSTALAÇÃO. AF_09/2024 | E3: UN | H3: =SUM(H4:H6) -> 43.81
B4: COMPOSICAO | C4: 88264 | D4: ELETRICISTA COM ENCARGOS COMPLEMENTARES | E4: H | F4: 0.5507354 | G4: 39.43 | H4: 21.71
B5: COMPOSICAO | C5: 88247 | D5: AUXILIAR DE ELETRICISTA COM ENCARGOS COMPLEMENTARES | E5: H | F5: 0.1721048 | G5: 24.33 | H5: 4.18
B6: INSUMO | C6: 44791 | D6: LUMINARIA PAINEL PLAFON, DE EMBUTIR, SLIM, QUADRADA *22 X 22* CM, EM ALUMINIO ACABAMENTO BRANCO, COM ACRILICO, COM LAMPADAS LED 18W, BIVOLT | E6: UN | F6: 1 | H6: 17.92
B8: COMP I2 | D8: LUMINÁRIA TIPO PLAFON QUADRADA, DE EMBUTIR, COM LED DE 24 W - FORNECIMENTO E INSTALAÇÃO. AF_09/2024 | E8: UN | H8: =SUM(H9:H11) -> 66.2
B9: COMPOSICAO | C9: 88264 | D9: ELETRICISTA COM ENCARGOS COMPLEMENTARES | E9: H | F9: 0.6442457 | G9: 39.43 | H9: 25.4
B10: COMPOSICAO | C10: 88247 | D10: AUXILIAR DE ELETRICISTA COM ENCARGOS COMPLEMENTARES | E10: H | F10: 0.2013268 | G10: 24.33 | H10: 4.89
B11: INSUMO | C11: 44792 | D11: LUMINARIA PAINEL PLAFON, DE EMBUTIR, SLIM, QUADRADA *30 X 30* CM, EM ALUMINIO ACABAMENTO BRANCO, COM ACRILICO, COM LAMPADAS LED 24W, BIVOLT | E11: UN | F11: 1 | H11: 35.91
B13: COMP I3 | D13: LUMINÁRIA REFLETOR LED PARA ILUMINAÇÃO PÚBLICA, 50 W - FORNECIMENTO E INSTALAÇÃO. AF_02/2025 | E13: UN | H13: =SUM(H14:H17) -> 75.36
B14: COMPOSICAO | C14: 88264 | D14: ELETRICISTA COM ENCARGOS COMPLEMENTARES | E14: H | F14: 0.7289 | G14: 39.43 | H14: 28.74
B15: COMPOSICAO | C15: 88247 | D15: AUXILIAR DE ELETRICISTA COM ENCARGOS COMPLEMENTARES | E15: H | F15: 0.7289 | G15: 24.33 | H15: 17.73
B16: INSUMO | C16: 45268 | D16: LUMINARIA LED REFLETOR SOLAR BIVOLT, LUZ BRANCA, 50 W | E16: UN | F16: 1 | H16: 28.74
B17: INSUMO | C17: 21127 | D17: FITA ISOLANTE ADESIVA ANTICHAMA, USO ATE 750 V, EM ROLO DE 19 MM X 5 M | E17: UN | F17: 0.042 | G17: 3.65 | H17: 0.15
B19: COMP C1 | D19: FABRICAÇÃO E INSTALAÇÃO DE TESOURA INTEIRA EM AÇO, VÃO DE 18 M, PARA TELHA ONDULADA DE FIBROCIMENTO, METÁLICA, PLÁSTICA OU TERMOACÚSTICA. | E19: UN | H19: =SUM(H20:H25) -> 3097
B20: COMPOSICAO | C20: 92258 | D20: INSTALAÇÃO DE TESOURA (INTEIRA OU MEIA), EM AÇO, PARA VÃOS MAIORES OU IGUAIS A 10,0 M E MENORES QUE 12,0 M, INCLUSO IÇAMENTO. AF_07/2019 | E20: UN | F20: 1.63 | G20: 352.11 | H20: =ROUND(G20*F20,2) -> 573.94
B21: COMPOSICAO | C21: 88316 | D21: SERVENTE COM ENCARGOS COMPLEMENTARES | E21: H | F21: 1.073 | G21: 22.17 | H21: =ROUND(G21*F21,2) -> 23.79
B22: COMPOSICAO | C22: 88278 | D22: MONTADOR DE ESTRUTURA METÁLICA COM ENCARGOS COMPLEMENTARES | E22: H | F22: 4.65 | G22: 24.27 | H22: =ROUND(G22*F22,2) -> 112.86
B23: INSUMO | C23: 40598 | D23: PERFIL "U" SIMPLES, EM CHAPA DOBRADA DE ACO LAMINADO, E = 3 MM, H = 125 MM, L = 50 MM (5,07 KG/M) | E23: KG | F23: 201.469 | G23: 8.45 | H23: =ROUND(G23*F23,2) -> 1702.41
B24: INSUMO | C24: 10997 | D24: ELETRODO REVESTIDO AWS - E7018, DIAMETRO IGUAL A 4,00 MM | E24: KG | F24: 0.8541 | G24: 29.5 | H24: =ROUND(G24*F24,2) -> 25.2
B25: INSUMO | C25: 4777 | D25: CANTONEIRA ACO ABAS IGUAIS (QUALQUER BITOLA), ESPESSURA ENTRE 1/8" E 1/4" | E25: KG | F25: 82.145 | G25: 8.02 | H25: =ROUND(G25*F25,2) -> 658.8

Sheet Cronograma Global
A1: PREFEITURA MUNICIPAL DE SANTIAGO DO SUL - SC
A2: CNPJ: 01.612.781/0001-38 Fone: (49) 3345-3000
A3: Rua Angelo Toazza, 600 - Centro - Santiago do Sul - SC CEP: 89.854-000
A4: MUNICÍPIO: Santiago do Sul - SC
A5: CRONOGRAMA FÍSICO-FINANCEIRO PARA OBRAS E SERVIÇOS DE ENGENHARIA
A7: ='Orcamento Global'!A7:F7 -> PROJETO: BARRACÃO TIPO 2 (396,00m²)
A8: ='Orcamento Global'!A8:F8 -> LOCALIZAÇÃO: RUA MARIA LORENZETTI MATTIELLO - SANTIAGO DO SUL - SC | M8: BDI | N8: 0.2
A9: ='Orcamento Global'!A9:F9 -> TABELA REFERÊNCIA: 05/2025 - DESONERADO
A11: PERIODICIDADE DAS ETAPAS: MENSAL
A12: ITEM | B12: DISCRIMINAÇÃO DOS SERVIÇOS | C12: PERÍODO | M12: TOTAL
C13: Etapa 01 | E13: Etapa 02 | G13: Etapa 03 | I13: Etapa 04 | K13: Etapa 05
C14: R$ | D14: % | E14: R$ | F14: % | G14: R$ | H14: % | I14: R$ | J14: % | K14: R$ | L14: % | M14: R$ | N14: %
A15: 1 | B15: ='Orcamento Global'!C12 -> SERVIÇOS INICIAIS | C15: =$M15*D15 -> 0 | D15: 1 | E15: =$M15*F15 -> 0 | G15: =$M15*H15 -> 0 | I15: =$M15*J15 -> 0 | K15: =$M15*L15 -> 0 | M15: ='Orcamento Global'!H12 -> 0 | N15: =SUM(D15,F15,H15,J15,L15) -> 1
A16: =1+A15 -> 2 | B16: ='Orcamento Global'!C16 -> ADMINISTRAÇÃO DE OBRAS | C16: =M16*D16 -> 0 | D16: 0.2 | E16: =$M16*F16 -> 0 | F16: 0.2 | G16: =$M16*H16 -> 0 | H16: 0.2 | I16: =$M16*J16 -> 0 | J16: 0.2 | K16: =$M16*L16 -> 0 | L16: 0.2 | M16: ='Orcamento Global'!H16 -> 0 | N16: =SUM(D16,F16,H16,J16,L16) -> 1
A17: =1+A16 -> 3 | B17: ='Orcamento Global'!C21 -> FUNDAÇÃO E ESTRUTURA | C17: =M17*D17 -> 0 | D17: 0.2 | E17: =$M17*F17 -> 0 | F17: 0.4 | G17: =$M17*H17 -> 0 | H17: 0.4 | I17: =$M17*J17 -> 0 | K17: =$M17*L17 -> 0 | M17: ='Orcamento Global'!H21 -> 0 | N17: =SUM(D17,F17,H17,J17,L17) -> 1
A18: =1+A17 -> 4 | B18: ='Orcamento Global'!C34 -> ALVENARIA E REVESTIMENTO PAREDES | C18: =M18*D18 -> 0 | E18: =$M18*F18 -> 0 | F18: 0.2 | G18: =$M18*H18 -> 0 | H18: 0.4 | I18: =$M18*J18 -> 0 | J18: 0.4 | K18: =$M18*L18 -> 0 | M18: ='Orcamento Global'!H34 -> 0 | N18: =SUM(D18,F18,H18,J18,L18) -> 1
A19: =1+A18 -> 5 | B19: ='Orcamento Global'!C41 -> COBERTURA | C19: =M19*D19 -> 0 | E19: =$M19*F19 -> 0 | G19: =$M19*H19 -> 0 | H19: 0.4 | I19: =$M19*J19 -> 0 | J19: 0.4 | K19: =$M19*L19 -> 0 | L19: 0.2 | M19: ='Orcamento Global'!H41 -> 0 | N19: =SUM(D19,F19,H19,J19,L19) -> 1
A20: =1+A19 -> 6 | B20: ='Orcamento Global'!C47 -> DRENAGEM PLUVIAL | C20: =M20*D20 -> 0 | E20: =$M20*F20 -> 0 | G20: =$M20*H20 -> 0 | I20: =$M20*J20 -> 0 | J20: 0.5 | K20: =$M20*L20 -> 0 | L20: 0.5 | M20: ='Orcamento Global'!H47 -> 0 | N20: =SUM(D20,F20,H20,J20,L20) -> 1
A21: =1+A20 -> 7 | B21: ='Orcamento Global'!C59 -> PAVIMENTAÇÃO | C21: =M21*D21 -> 0 | E21: =$M21*F21 -> 0 | F21: 0.4 | G21: =$M21*H21 -> 0 | H21: 0.4 | I21: =$M21*J21 -> 0 | J21: 0.2 | K21: =$M21*L21 -> 0 | M21: ='Orcamento Global'!H59 -> 0 | N21: =SUM(D21,F21,H21,J21,L21) -> 1
A22: =1+A21 -> 8 | B22: ='Orcamento Global'!C66 -> ESQUADRIAS | C22: =M22*D22 -> 0 | E22: =$M22*F22 -> 0 | G22: =$M22*H22 -> 0 | H22: 0.4 | I22: =$M22*J22 -> 0 | J22: 0.4 | K22: =$M22*L22 -> 0 | L22: 0.2 | M22: ='Orcamento Global'!H66 -> 0 | N22: =SUM(D22,F22,H22,J22,L22) -> 1
A23: =1+A22 -> 9 | B23: ='Orcamento Global'!C75 -> PINTURA EXTERNA | C23: =M23*D23 -> 0 | E23: =$M23*F23 -> 0 | G23: =$M23*H23 -> 0 | I23: =$M23*J23 -> 0 | J23: 0.5 | K23: =$M23*L23 -> 0 | L23: 0.5 | M23: ='Orcamento Global'!H75 -> 0 | N23: =SUM(D23,F23,H23,J23,L23) -> 1
A24: =1+A23 -> 10 | B24: ='Orcamento Global'!C79 -> INSTALAÇÕES ELÉTRICAS | C24: =M24*D24 -> 0 | E24: =$M24*F24 -> 0 | F24: 0.2 | G24: =$M24*H24 -> 0 | H24: 0.5 | I24: =$M24*J24 -> 0 | J24: 0.3 | K24: =$M24*L24 -> 0 | M24: ='Orcamento Global'!H79 -> 0 | N24: =SUM(D24,F24,H24,J24,L24) -> 1
A25: =1+A24 -> 11 | B25: ='Orcamento Global'!C99 -> INSTALAÇÕES HIDROSSANITÁRIAS | C25: =M25*D25 -> 0 | E25: =$M25*F25 -> 0 | F25: 0.2 | G25: =$M25*H25 -> 0 | H25: 0.4 | I25: =$M25*J25 -> 0 | J25: 0.4 | K25: =$M25*L25 -> 0 | M25: ='Orcamento Global'!H99 -> 0 | N25: =SUM(D25,F25,H25,J25,L25) -> 1
A26: =1+A25 -> 12 | B26: ='Orcamento Global'!C132 -> PREVENTIVO CONTRA INCÊNDIO (PPCI) | C26: =M26*D26 -> 0 | E26: =$M26*F26 -> 0 | G26: =$M26*H26 -> 0 | I26: =$M26*J26 -> 0 | K26: =$M26*L26 -> 0 | L26: 1 | M26: ='Orcamento Global'!H132 -> 0 | N26: =SUM(D26,F26,H26,J26,L26) -> 1
A27: 13 | B27: ='Orcamento Global'!C138 -> ENTREGA DA OBRA | C27: =M27*D27 -> 0 | E27: =$M27*F27 -> 0 | G27: =$M27*H27 -> 0 | I27: =$M27*J27 -> 0 | K27: =$M27*L27 -> 0 | L27: 1 | M27: ='Orcamento Global'!H138 -> 0 | N27: =SUM(D27,F27,H27,J27,L27) -> 1
A28: TOTAL NO MÊS (SIMPLES) | C28: =SUM(C15:C26) -> 0 | D28: =C28/$M$28 -> #DIV/0! | E28: =SUM(E15:E26) -> 0 | F28: =E28/$M$28 -> #DIV/0! | G28: =SUM(G15:G26) -> 0 | H28: =G28/$M$28 -> #DIV/0! | I28: =SUM(I15:I26) -> 0 | J28: =I28/$M$28 -> #DIV/0! | K28: =SUM(K15:K27) -> 0 | L28: =K28/$M$28 -> #DIV/0! | M28: =SUM(M15:M27) -> 0 | N28: 1
A29: TOTAL NO MÊS (ACUMULADO) | C29: =C28 -> 0 | D29: =D28 -> #DIV/0! | E29: =C29+E28 -> 0 | F29: =D29+F28 -> #DIV/0! | G29: =E29+G28 -> 0 | H29: =F29+H28 -> #DIV/0! | I29: =G29+I28 -> 0 | J29: =H29+J28 -> #DIV/0! | K29: =I29+K28 -> 0 | L29: =J29+L28 -> #DIV/0!
A30: ASSINATURAS:
I32: LEONARDO BERLANDA | K32: ALACIR DURANTE
I33: ENGENHEIRO CIVIL | K33: MUNICÍPIO DE SANTIAGO DO SUL
I34: CREA/SC 170174-8 | K34: PREFEITO MUNICIPAL
